 Dungeon Crawl Stone Soup version 0.30-a0-1082-g70414cbcbb (webtiles) character file.

Game seed: 12083461621714160044

11801 Arzdou the Severer (level 11, -2/145 HPs)
             Began as a Minotaur Berserker on Apr 15, 2023.
             Was an Elder of Trog.
             Slain by a skeletal warrior
             ... wielding a +0 broad axe
              (17 damage)
             ... on level 12 of the Dungeon.
             The game lasted 00:21:09 (12472 turns).

Arzdou the Severer (Minotaur Berserker)            Turns: 12472, Time: 00:21:10

Health: -2/145     AC: 13    Str: 25    XL:     11   Next: 54%
Magic:  0/10       EV: 12    Int:  4    God:    Trog [****..]
Gold:   1757       SH:  5    Dex: 11    Spells: 10/10 levels left

rFire   . . .      SeeInvis .    B - +1 war axe
rCold   + . .      Faith    .    u - +0 buckler
rNeg    + . .      Spirit   +    x - +0 scale mail
rPois   .          Reflect  .    (helmet restricted)
rElec   .          Rampage  .    v - +2 cloak
rCorr   .                        S - +0 pair of gloves
Will    ++...                    (no boots) Stlth
                                 g - amulet of guardian spirit
HPRegen 1.44/turn                n - ring of positive energy
MPRegen 0.12/turn                I - ring of protection from cold

@: berserking (expiring), strong-willed, regenerating, studying Dodging, very
quick
A: horns 2, retaliatory headbutt
a: Renounce Religion, Berserk, Trog's Hand, Brothers in Arms


You were on level 12 of the Dungeon.
You worshipped Trog.
Trog was greatly pleased with you.
You visited 1 branch of the dungeon, and saw 12 of its levels.

You collected 1757 gold pieces.

Inventory:

Hand Weapons
 a - a +0 hand axe
 B - a +1 war axe (weapon)
 K - the +6 shillelagh "Devastator" {shatter}
   (You found it on level 9 of the Dungeon)
Missiles
 L - 44 stones (quivered)
Armour
 p - a +0 pair of boots of rampaging
 r - a scarf of invisibility
 u - a +0 buckler (worn)
 v - a +2 cloak (worn)
 x - a +0 scale mail (worn)
 P - a +0 plate armour
 S - a +0 pair of gloves (worn)
Jewellery
 g - an amulet of guardian spirit (around neck)
 n - a ring of positive energy (left hand)
 C - an amulet of magic regeneration
 I - a ring of protection from cold (right hand)
 N - a ring of positive energy
 T - a +4 ring of protection
Wands
 w - a wand of flame (13)
 y - a wand of iceblast (9)
 A - a wand of quicksilver (5)
 O - a wand of paralysis (6)
Scrolls
 b - a scroll of enchant weapon
 e - 3 scrolls of vulnerability
 i - 2 scrolls of noise
 j - a scroll of fog
 m - 5 scrolls of teleportation
 q - a scroll of amnesia
 F - 2 scrolls of poison {unknown}
 G - 4 scrolls of fear
 H - a scroll of immolation
 J - 4 scrolls of identify
 M - a scroll of magic mapping {unknown}
 Q - a scroll of blinking {unknown}
 R - a scroll of enchant armour {unknown}
Potions
 c - 5 potions of flight
 d - 2 potions of attraction
 f - 2 potions of degeneration
 h - 3 potions of berserk rage
 k - 4 potions of mutation
 l - 2 potions of brilliance
 o - a potion of invisibility
 s - 2 potions of might
 t - a potion of lignification {unknown}
 z - a potion of cancellation {unknown}
 D - 6 potions of haste
 E - 2 potions of curing


   Skills:
 + Level 9.4 Fighting
 * Level 16.2 Axes
 + Level 10.0 Armour
 + Level 7.9 Dodging
 + Level 4.5 Shields


You had 10 spell levels left.
You didn't know any spells.
Your spell library was empty.

Dungeon Overview and Level Annotations

Branches:
Dungeon (12/15)            Temple (0/1) D:5            Lair (0/5) D:11
    Orc (0/2) D:12

Altars:
Ashenzari
Hepliaklqana
Makhleb
Ru
Trog
The Shining One

Portals:
Trove: D:10 (give +5 demon blade)

Annotations:
D:9 1 runed translucent door, Arcadio's ghost, novice HuNe


Innate Abilities, Weirdness & Mutations

You have a pair of horns on your head.
You reflexively headbutt those who attack you in melee.


Message History

The skeletal warrior hits you with a +0 flail!
* * * LOW HITPOINT WARNING * * *
You hit the skeletal warrior but do no damage.
You headbutt the skeletal warrior.
The skeletal warrior is moderately damaged.
You hit the skeletal warrior. You closely miss the skeletal warrior.
The skeletal warrior is moderately damaged.
You hit the skeletal warrior but do no damage.
The skeletal warrior hits you with a +0 broad axe!
* * * LOW HITPOINT WARNING * * *
The skeletal warrior hits you with a +0 flail!
* * * LOW HITPOINT WARNING * * *
You closely miss the skeletal warrior.
Your headbutt misses the skeletal warrior.
The skeletal warrior is moderately damaged.
You closely miss the skeletal warrior.
Unknown command.
You closely miss the skeletal warrior.
The skeletal warrior is moderately damaged.
You slash the skeletal warrior!
The skeletal warrior hits you but does no damage.
You block the skeletal warrior's attack.
You slash the skeletal warrior! You headbutt the skeletal warrior.
The skeletal warrior is heavily damaged.
You slash the skeletal warrior!
The skeletal warrior hits you with a +0 broad axe!
* * * LOW HITPOINT WARNING * * *
The skeletal warrior hits you but does no damage.
Unknown command.
You completely miss the skeletal warrior.
The skeletal warrior is heavily damaged.
You hit the skeletal warrior.
Unknown command.
You hit the skeletal warrior.
You headbutt the skeletal warrior, but do no damage.
The skeletal warrior is heavily damaged.
You hit the skeletal warrior but do no damage.
The skeletal warrior hits you with a +0 broad axe!!
You die...

.#.# #.#.......)#.#.........#.
.#.# #.#######'##.#.........#.
.#.# #.......)....#.........#.
.#.# #............#####.....#.
##.######................##'##'#.
................................
. ...............)..............
.. ............z)................
## ###.........z@................
#......(....................
#.....................###...
#.....................# ####
#.....########........# ##..
########## ##


You could see 2 skeletal warriors.

Vanquished Creatures
  Gastronok (D:11)
  A two-headed ogre (D:12)
  A fire crab (D:11)
  3 skeletal warriors (D:12)
  2 ugly things
  A cyclops (D:9)
  A gargoyle (D:10)
  A komodo dragon (D:12)
  4 kobold demonologists
  A troll (D:11)
  2 shadows (D:10)
  2 wraiths
  A vampire (D:12)
  A steam dragon (D:9)
  Menkaure (D:7)
  2 acid dragons
  A water moccasin (D:7)
  A black bear (D:7)
  An ice beast (D:6)
  An orc warrior (D:9)
  2 sky beasts
  6 centaurs
  An ogre (D:7)
  4 phantoms
  5 kobold brigands
  4 bullfrogs
  3 gnoll sergeants
  2 scorpions
  3 wights (D:7)
  7 howler monkeys
  An electric eel (D:7)
  3 hounds
  A gnoll bouda (D:7)
  7 orc priests
  6 iguanas
  7 orc wizards
  6 adders
  18 gnolls
  A shadow imp (D:4)
  4 ufetubi
  A worm (D:3)
  4 dart slugs
  21 orcs
  8 endoplasms
  3 giant cockroaches
  5 goblins
  8 hobgoblins
  8 jackals
  30 kobolds
  2 quokkas
  12 ball pythons
  7 bats
  7 frilled lizards
  3 rats
239 creatures vanquished.

Vanquished Creatures (others)
  A gnoll (D:8)
1 creature vanquished.

Grand Total: 240 creatures vanquished

Notes
Turn   | Place    | Note
-------+----------+-------------------------------------------
     0 | D:1      | Arzdou the Minotaur Berserker began the quest for the Orb.
     0 | D:1      | Reached XP level 1. HP: 19/19 MP: 0/0
   155 | D:1      | Reached XP level 2. HP: 27/27 MP: 1/1
   169 | D:1      | Reached skill level 4 in Axes
   430 | D:1      | Reached ** piety under Trog
   476 | D:1      | Reached XP level 3. HP: 29/33 MP: 2/2
  1143 | D:2      | Reached skill level 5 in Axes
  1218 | D:2      | Reached XP level 4. HP: 40/40 MP: 3/3
  1265 | D:2      | Reached *** piety under Trog
  2534 | D:4      | Identified a scroll of acquirement
  2534 | D:4      | Acquired 965 gold pieces
  2801 | D:4      | Reached XP level 5. HP: 47/47 MP: 4/4
  3265 | D:4      | Found a glowing golden altar of the Shining One.
  3348 | D:5      | Entered Level 5 of the Dungeon
  3454 | D:4      | Reached skill level 6 in Axes
  3791 | D:5      | Reached XP level 6. HP: 29/53 MP: 2/5
  3969 | D:5      | Reached skill level 7 in Axes
  4133 | D:5      | Found a staircase to the Ecumenical Temple.
  4168 | D:5      | Reached **** piety under Trog
  4169 | D:5      | Reached skill level 5 in Fighting
  4248 | D:5      | Reached skill level 1 in Shields
  4248 | D:5      | Reached XP level 7. HP: 47/61 MP: 4/6
  4354 | D:5      | Reached skill level 8 in Axes
  4895 | D:6      | Reached skill level 9 in Axes
  4895 | D:6      | Reached skill level 5 in Armour
  5081 | D:6      | Reached XP level 8. HP: 70/70 MP: 7/7
  5556 | D:6      | Reached skill level 10 in Axes
  5808 | D:7      | Found a broken altar of Ashenzari.
  5814 | D:7      | Reached skill level 5 in Dodging
  5906 | D:7      | Noticed a kobold demonologist
  5907 | D:7      | Noticed a kobold demonologist
  5928 | D:7      | Killed a kobold demonologist
  5929 | D:7      | Reached skill level 11 in Axes
  5929 | D:7      | Reached XP level 9. HP: 73/78 MP: 8/8
  5935 | D:7      | Noticed a hellwing
  5940 | D:7      | Killed a kobold demonologist
  5999 | D:7      | Reached ***** piety under Trog
  6145 | D:7      | Found a hazy altar of Hepliaklqana.
  6208 | D:7      | Noticed a cyan ugly thing
  6218 | D:7      | Killed a cyan ugly thing
  6219 | D:7      | Reached skill level 12 in Axes
  6621 | D:7      | Noticed Menkaure
  6624 | D:7      | Killed Menkaure
  6760 | D:7      | You fall into a shaft and drop 2 floors!
  6765 | D:9      | Found a runed translucent door.
  6765 | D:9      | Noticed a purple ugly thing
  6766 | D:9      | Noticed Arcadio's ghost (novice HuNe)
  6963 | D:8      | Found a sacrificial altar of Ru.
  8044 | D:9      | Found the +6 shillelagh "Devastator" {shatter}
  8048 | D:9      | Found a burning altar of Makhleb.
  8080 | D:9      | Found a bloodstained altar of Trog.
  8096 | D:9      | Reached skill level 13 in Axes
  8119 | D:9      | Reached XP level 10. HP: 82/86 MP: 7/9
  8171 | D:9      | Noticed a cyclops
  8181 | D:9      | Killed a cyclops
  8997 | D:10     | Entered Level 10 of the Dungeon
  9435 | D:10     | Noticed a gargoyle
  9440 | D:10     | Found a portal to a secret trove of treasure.
  9456 | D:10     | Killed a gargoyle
  9457 | D:10     | Reached skill level 14 in Axes
 10101 | D:11     | Noticed Gastronok
 10113 | D:11     | Killed Gastronok
 10365 | D:11     | Noticed a red ugly thing
 10372 | D:11     | Killed a red ugly thing
 10373 | D:11     | Reached skill level 15 in Axes
 10545 | D:11     | Reached XP level 11. HP: 90/95 MP: 8/10
 10958 | D:11     | Identified the +2 short sword "Omowykavym" {protect, Dex+4}
 10974 | D:11     | Found a staircase to the Lair.
 10975 | D:11     | Noticed a fire crab
 11112 | D:11     | Killed a fire crab
 11626 | D:12     | Found a staircase to the Orcish Mines.
 12138 | D:12     | Noticed a two-headed ogre
 12143 | D:12     | Killed a two-headed ogre
 12327 | D:12     | Noticed a skeletal warrior
 12343 | D:12     | Killed a skeletal warrior
 12344 | D:12     | Reached skill level 16 in Axes
 12380 | D:12     | Noticed a skeletal warrior
 12410 | D:12     | Killed a skeletal warrior
 12445 | D:12     | Noticed a skeletal warrior
 12447 | D:12     | Noticed a skeletal warrior
 12447 | D:12     | Noticed a skeletal warrior
 12464 | D:12     | Killed a skeletal warrior
 12465 | D:12     | Reached skill level 10 in Armour
 12472 | D:12     | Slain by a skeletal warrior

Illustrated notes

Levels and vault maps discovered:
D:1:      minmay_arrival_doors, layout_basic
D:2:      layout_loops_corners, minmay_tetromino_l4
D:3:      layout_loops_ring
D:4:      layout_basic, tso_altar
D:5:      layout_loops_ring, temple_hall, kennysheep_generic_room_16
D:6:      layout_loops_ring, wad_floor_pattern_2, nicolae_water_bricks
D:7:      layout_loops_ring, mainiacjoe_overflow_cross_hatched,
          ashenzari_conservatory_becter, hangedman_decor_push,
          kennysheep_cluttered_room, uniq_menkaure
D:8:      layout_loops_ring, nicolae_ru_the_path_less_chosen,
          lemuel_flamethrower_2
D:9:      layout_roguey, mainiacjoe_overflow_catwalk_spiral,
          ebering_ghost_inner_flame
D:10:     layout_loops_cross, enter_trove_0
D:11:     layout_grid_maze, minmay_lair_entry_lava, uniq_gastronok
D:12:     layout_irregular_city, orc_0_dummy

Skill      XL: |  1  2  3  4  5  6  7  8  9 10 11 |
---------------+----------------------------------+-----
Fighting       | 4 5 6 7 8 9 |  9.4
Axes           | 4 5 6 7 9 11 13 15 16 | 16.2
Armour         | 3 4 5 6 8 9 10 | 10.0
Dodging        | 3 4 5 6 7 |  7.9
Shields        | 1 2 3 4 |  4.5

Action                     |  1- 3 |  4- 6 |  7- 9 | 10-12 || total
---------------------------+-------+-------+-------+-------++-------
  Melee: Hand axe          |    93 |   140 |    36 |       ||   269
         Headbutt          |    15 |    27 |    42 |    53 ||   137
         War axe           |       |       |   186 |   222 ||   408
 Invoke: Berserk           |       |     1 |     4 |    12 ||    17
         Trog's Hand       |       |       |     1 |     1 ||     2
         Brothers in Arms  |       |       |       |     1 ||     1
    Use: Scroll            |       |     8 |       |    11 ||    19
   Stab: Sleeping          |     1 |     2 |       |       ||     3
 Armour: Animal skin       |    17 |       |       |       ||    17
         Scale mail        |       |    43 |    99 |    51 ||   193
         Ring mail         |       |     7 |       |       ||     7
         Leather armour    |       |     2 |       |       ||     2
  Dodge: Dodged            |    82 |    89 |   106 |    81 ||   358
  Block: Buckler           |       |    11 |    38 |    36 ||    85

Table legend: (Time is in decaauts)
 A = Elapsed time spent in this place.
 B = Non-inter-level travel time spent in this place.
 C = Inter-level travel time spent in this place.
 D = Time resting spent in this place.
 E = Time spent auto-exploring this place.
 F = Levels seen in this place.
 G = Mean time per level.
                   A        B        C        D        E       F      G
               +--------+--------+--------+--------+--------+-----+--------+
         Total |  12627 |  11937 |    690 |   1655 |   8313 |  12 | 1052.2 |
       Dungeon |  12627 |  11937 |    690 |   1655 |   8313 |  12 | 1052.2 |
               +--------+--------+--------+--------+--------+-----+--------+

Top non-repeatable levels by time:
    D:11: 1574 daAuts
     D:7: 1362 daAuts
     D:4: 1120 daAuts
    D:10: 1111 daAuts
     D:5: 1093 daAuts
     D:6: 1071 daAuts
     D:2: 1005 daAuts
     D:9: 975 daAuts
     D:8: 923 daAuts
    D:12: 882 daAuts
     D:1: 830 daAuts
     D:3: 677 daAuts
